 Dungeon Crawl Stone Soup version 0.24.0-29-g8ce449bc06 (webtiles) character file.

Game seed: 1690710340424887171, levelgen mode: deterministic

147 Aviak the Firebug (level 5, -2/35 HPs)
             Began as a Demonspawn Fire Elementalist on Nov 16, 2019.
             Slain by a hobgoblin (3 damage)
             ... led by Robin
             ... on level 3 of the Dungeon.
             The game lasted 00:03:44 (2776 turns).

Aviak the Firebug (Demonspawn Fire Elementalist)    Turns: 2776, Time: 00:03:45

Health: -2/35      AC:  3    Str:  8    XL:     5   Next: 8%
Magic:  0/9        EV: 12    Int: 17    God:
Gold:   85         SH:  0    Dex: 14    Spells: 7/10 levels left

rFire    + . .     SeeInvis .   j - +1 whip (elec)
rCold    . . .     Gourm    .   (no shield)
rNeg     . . .     Faith    .   g - +0 leather armour
rPois    .         Spirit   .   (no helmet)
rElec    .         Reflect  .   o - scarf {repulsion}
rCorr    .         Harm     .   (no gloves)
MR       .....                  (no boots)
Stlth    +.........             (no amulet)
HPRegen  0.11/turn              (no ring)
MPRegen  0.11/turn              (no ring)

@: very slightly contaminated, repel missiles
A: hooves 2, fire resistance 1
a: no special abilities


You were on level 3 of the Dungeon.
You were hungry.

You visited 1 branch of the dungeon, and saw 3 of its levels.

You collected 85 gold pieces.

Inventory:

Hand Weapons
 j - a +1 whip of electrocution (weapon)
 k - a +0 spear
 t - a +3 spear
Armour
 a - a +0 robe
 g - a +0 leather armour (worn)
 o - a scarf of repulsion (worn)
Jewellery
 v - an uncursed ring of magical power {unknown}
Scrolls
 b - a scroll of fear {unknown}
 d - 5 scrolls of identify {unknown}
 i - 5 scrolls of remove curse {unknown}
 l - a scroll of enchant armour {unknown}
 m - a scroll of teleportation {unknown}
 p - a scroll of amnesia {unknown}
 q - a scroll of immolation {unknown}
Potions
 f - 2 potions of haste
 h - a potion of heal wounds {unknown}
 n - a potion of curing {unknown}
 s - a potion of brilliance {unknown}
 u - a potion of resistance {unknown}
Comestibles
 c - 4 rations
 r - 5 chunks of flesh


   Skills:
 + Level 2.8 Dodging
 - Level 1.7 Stealth
 + Level 3.0 Spellcasting
 + Level 2.5 Conjurations
 + Level 3.4 Fire Magic


You had 7 spell levels left.
You knew the following spells:

 Your Spells              Type           Power        Failure   Level  Hunger
a - Flame Tongue          Conj/Fire      ##...        8%          1    None
b - Throw Flame           Conj/Fire      ##....       11%         2    ##.....

Your spell library contained the following spells:

 Spells                   Type           Power        Failure   Level  Hunger
 Conjure Flame            Conj/Fire      ##......     22%         3    ###....
 Inner Flame              Hex/Fire       #.......     36%         3    ###....
 Sticky Flame             Conj/Fire      ##......     58%         4    ####...
 Fireball                 Conj/Fire      ##........   90%         5    ######.


Dungeon Overview and Level Annotations

Branches:
Dungeon (3/15)

Altars:
Gozag
Nemelex Xobeh
Qazlal
Xom


Innate Abilities, Weirdness & Mutations

You have hoof-like feet.
Your flesh is heat resistant. (rF+)


Message History

Press: ? - help, Shift-Dir - straight line, f/p - hobgoblin
Aim: a hobgoblin (almost dead)
The flame tongue misses the hobgoblin.
The hobgoblin hits you.
* * * LOW HITPOINT WARNING * * *
You closely miss the hobgoblin.
The hobgoblin is almost dead.
You recover from your berserk rage.
The hobgoblin closely misses you.
Casting: Flame Tongue (safe; 8% risk of failure)
Confirm with . or Enter, or press ? or * to list all spells.
Aiming: Flame Tongue (safe; 8% risk of failure)
Press: ? - help, Shift-Dir - straight line, f/p - hobgoblin
Aim: a hobgoblin (almost dead)
You miscast Flame Tongue.
Lukewarm flames ripple over your body. The hobgoblin hits you.
* * * LOW HITPOINT WARNING * * *
You barely miss the hobgoblin.
The hobgoblin is almost dead.
The hobgoblin hits you.
You die...

.......g............######
#...#...#..........##..≈###
..................##.#...###
#...#...#....######_≈..#≈≈###
........g....'..##.#≈#..≈.#.#
###########....#.#####≈..#.#≈≈#
...............#)# ###^#.≈#≈.≈#
..###..........#g# #....⌠≈...≈#
..# #.########'#@#####.#.#≈≈.(###
..# #.#######......#...⌠#...)#÷(#
..###..............#.≈.≈#≈≈≈.....
...................#..#.≈#...##.#
.......##..........#..#..##.≈.#.#
..#..............###≈≈^#≈#.#≈##.#
.............)#######.#.##.).≈#.#
............#.##...##....≈≈.≈##.#
...#.##.###.#.##....##≈≈≈...##..#


You could see a hobgoblin.

Vanquished Creatures
  Natasha (D:3)
  Robin (D:3)
  3 adders
  An ooze (D:2)
  A worm (D:2)
  A dart slug (D:2)
  2 leopard geckos
  An orc (D:3)
  3 giant cockroaches
  15 goblins
  10 hobgoblins
  6 jackals (D:3)
  8 kobolds
  A quokka (D:2)
  3 bats
  4 frilled lizards
  7 rats
  A plant (D:2)
69 creatures vanquished.

Notes
Turn   | Place    | Note
-------+----------+-------------------------------------------
     0 | D:1      | Aviak the Demonspawn Fire Elementalist began the quest for
                  | the Orb.
     0 | D:1      | Reached XP level 1. HP: 13/13 MP: 3/3
     2 | D:1      | Noticed an elf
     2 | D:1      | Noticed a gargoyle
     4 | D:1      | Noticed an octopode
     4 | D:1      | Noticed a tengu
     6 | D:1      | Noticed an ogre
     6 | D:1      | Noticed a ghoul
     8 | D:1      | Noticed a halfling
    10 | D:1      | Noticed a human
    12 | D:1      | Noticed a vine stalker
    12 | D:1      | Noticed a draconian
    14 | D:1      | Noticed a dwarf
    16 | D:1      | Noticed a formicid
    16 | D:1      | Noticed a felid
    18 | D:1      | Noticed a demonspawn
    18 | D:1      | Noticed a vampire
    20 | D:1      | Noticed a centaur
    20 | D:1      | Noticed a minotaur
    22 | D:1      | Noticed a troll
    22 | D:1      | Noticed a merfolk
    24 | D:1      | Noticed a naga
    24 | D:1      | Noticed a spriggan
    26 | D:1      | Noticed a demigod
   319 | D:1      | Gained mutation: You have large cloven feet. [demonic
                  | ancestry]
   319 | D:1      | Reached XP level 2. HP: 15/19 MP: 3/5
   323 | D:1      | Learned a level 2 spell: Throw Flame
  1055 | D:2      | Reached XP level 3. HP: 15/24 MP: 6/6
  1970 | D:3      | Gained mutation: You have hoof-like feet. [demonic
                  | ancestry]
  1970 | D:3      | Reached XP level 4. HP: 28/30 MP: 7/7
  2044 | D:3      | Found a stormy altar of Qazlal.
  2375 | D:3      | Found an opulent altar of Gozag.
  2376 | D:3      | Found a sparkling altar of Nemelex Xobeh.
  2432 | D:3      | Noticed Natasha
  2452 | D:3      | Killed Natasha
  2636 | D:3      | Found a shimmering altar of Xom.
  2703 | D:3      | Noticed Robin
  2731 | D:3      | Killed Robin
  2731 | D:3      | Gained mutation: Your flesh is heat resistant. (rF+)
                  | [demonic ancestry]
  2731 | D:3      | Reached XP level 5. HP: 11/35 MP: 2/9
  2775 | D:3      | HP: 1/35 [hobgoblin[Robin] (3)]
  2776 | D:3      | Slain by a hobgoblin

Levels and vault maps discovered:
D:1:      kb_arrival_jail, layout_loops_ring
D:2:      wad_woods_pond, layout_basic
D:3:      layout_basic, grunt_temple_overflow_opulence, tgw_xom,
          lemuel_coloured_pillars_altar, first_ration, grunt_qazlal_clouds,
          uniq_natasha, uniq_robin

Skill      XL: |  1  2  3  4 |
---------------+-------------+-----
Dodging        | 2 |  2.8
Fire Magic     | 3 |  3.4
Conjurations   | 2 |  2.5
Spellcasting   | 3 |  3.0
Stealth        | |  1.7

Action                   |  1- 3 |  4- 6 || total
-------------------------+-------+-------++-------
Melee: Unarmed           |     1 |       ||     1
       Whip              |    79 |    73 ||   152
       Kick              |    14 |     8 ||    22
       Spear             |     5 |       ||     5
 Cast: Flame Tongue      |    24 |    33 ||    57
       Throw Flame       |     1 |       ||     1
  Use: Potion            |       |     2 ||     2
 Stab: Sleeping          |     1 |     1 ||     2
  Eat: Chunk             |     4 |     2 ||     6
Armor: Robe              |     3 |       ||     3
       Leather armour    |    18 |    29 ||    47
Dodge: Dodged            |    39 |    59 ||    98
       Deflected         |       |     2 ||     2
